 Dungeon Crawl Stone Soup version 0.20-a0-548-g4f8a798 (webtiles) character file.

38411 Lahna the Grappler (level 14, 0/125 (126) HPs)
             Began as a Ghoul Monk on Feb 1, 2017.
             Was a High Priest of Cheibriados.
             Slain by a spriggan rider
             ... wielding a +0 spear
              (19 damage)
             ... on level 6 of the Lair of Beasts.
             The game lasted 00:41:25 (20316 turns).

Lahna the Grappler (Ghoul Monk)                    Turns: 20316, Time: 00:41:26

HP:   0/125 (126)   AC: 17    Str: 32    XL:     14   Next: 2%
MP:   20/20         EV: 13    Int: 17    God:    Cheibriados [*****.]
Gold: 902           SH: 12    Dex: 23    Spells: 15/15 levels left

rFire    . . .     SeeInvis +     - Unarmed
rCold    + + +     Gourm    .   G - +0 plate armour
rNeg     + + +     Faith    .   D - +0 shield
rPois    ∞         Spirit   .   q - +0 helmet
rElec    .         Reflect  .   E - +0 cloak
rCorr    .         Harm     .   (no gloves)
MR       +....                  (no boots)
Stlth    ..........             (no amulet)
Regen    0.2/turn               m - ring of protection from cold
                                K - ring of Xom's Generosity {rC+ SInv}

@: rotting, very slow
A: rotting body, claws 1, carnivore 3, cold resistance 1, negative energy
resistance 3, slow regeneration 1, torment resistance, unbreathing
a: Bend Time, Temporal Distortion, Slouch, Step From Time, Renounce Religion


You were on level 6 of the Lair of Beasts.
You worshipped Cheibriados.
Cheibriados was extremely pleased with you.
You were not hungry.

You visited 3 branches of the dungeon, and saw 16 of its levels.

You collected 989 gold pieces.
You spent 87 gold pieces at shops.

Inventory:

Armour
 q - a +0 helmet (worn)
 u - a +0 ring mail of fire resistance
 D - a +0 shield (worn)
 E - a +0 cloak (worn)
 G - a +0 plate armour (worn)
Jewellery
 m - a ring of protection from cold (right claw)
 K - the ring of Xom's Generosity (left claw) {rC+ SInv}
   (You found it on level 5 of the Lair of Beasts)

   [ring of see invisible]

   It protects you from cold.
   It lets you see invisible.
Wands
 y - a wand of digging (14/24)
Scrolls
 g - a scroll of amnesia
 h - 3 scrolls of enchant armour
 i - 2 scrolls of remove curse
 j - 2 scrolls of magic mapping
 k - 4 scrolls of teleportation
 l - a scroll of acquirement {unknown}
 s - a scroll of enchant weapon
 v - a scroll of torment {unknown}
 x - 3 scrolls of fear
 F - 2 scrolls of identify
 I - 2 scrolls of brand weapon {unknown}
 J - a scroll of blinking
Potions
 d - a potion of curing
 o - 2 potions of flight
 p - 2 potions of heal wounds
 B - 2 potions of resistance
 C - 2 potions of magic
 H - a potion of cancellation
Books
 a - a book of Cantrips

   Spells                             Type                      Level
   a - Confusing Touch                Hexes                        1
   b - Animate Skeleton               Necromancy                   1
   c - Summon Small Mammal            Summoning                    1
   d - Apportation                    Translocation                1
 n - a book of Power

   Spells                             Type                      Level
   a - Fulminant Prism                Conjuration/Hexes            4
   b - Iskenderun's Mystic Blast      Conjuration                  4
   c - Venom Bolt                     Conjuration/Poison           5
   d - Bolt of Magma                  Conjuration/Fire/Earth       5
   e - Iron Shot                      Conjuration/Earth            6
   f - Orb of Destruction             Conjuration                  7
   g - Spellforged Servitor           Conjuration/Summoning        7
Comestibles
 b - 6 meat rations
 c - 14 chunks of flesh
 f - 3 royal jellies


   Skills:
 + Level 12.2 Fighting
 + Level 10.4 Armour
 + Level 9.2 Dodging
 - Level 2.1 Stealth
 + Level 4.6 Shields
 + Level 12.4 Unarmed Combat
 - Level 1.0 Spellcasting
 + Level 9.8 Invocations


You had 15 spell levels left.
You didn't know any spells.

Dungeon Overview and Level Annotations

Branches:
Dungeon (9/15)             Temple (1/1) D:6            Lair (6/6) D:9
  Swamp (0/4) Lair:3       Spider (0/4) Lair:3
  Slime: Lair:5-6       Orc: D:9-12

Altars:
Ashenzari
Cheibriados
Dithmenos
Elyvilon
Fedhas
Gozag
Hepliaklqana
Kikubaaqudgha
Makhleb
Nemelex Xobeh
Okawaru
Qazlal
Ru
Sif Muna
Trog
Uskayaw
Vehumet
Xom
Yredelemnul
Zin
The Shining One
Lugonu

Shops:
D:4 [

Annotations:
Lair:2 exclusion: oklob plant


Innate Abilities, Weirdness & Mutations

Your body is rotting away.
You thrive on raw meat.
You are immune to poison.
You have sharp fingernails.
You are carnivorous and can eat meat at any time.
Your flesh is cold resistant. (rC+)
You are immune to negative energy. (rN+++)
You regenerate slowly when monsters are visible.
You are immune to unholy pain and torment.
You can survive without breathing.


Message History

Unknown command.
You closely miss the spriggan rider. You block the spriggan rider's attack.
Your plate armour prevents you from hitting the spriggan rider.
The spriggan rider hits you but does no damage.
You scratch the spriggan rider.
The spriggan rider is lightly wounded.
The spriggan rider barely misses you.
You mangle the spriggan rider!!
The spriggan rider is moderately wounded.
The spriggan rider hits you with a spear!
* * * LOW HITPOINT WARNING * * *
You claw the spriggan rider!
The spriggan rider is heavily wounded.
You miss the spriggan rider.
The spriggan rider is heavily wounded.
The spriggan rider hits you but does no damage.
Your shield and plate armour prevent you from hitting the spriggan rider.
The spriggan rider is heavily wounded.
The spriggan rider hits you with a spear!!
You die...

♣........♣♣
♣..♣
♣..♣♣♣..♣♣
♣♣.♣ ♣ ♣...
♣♣.♣ ♣...
♣..♣ ♣....
♣♣..♣ ♣...♣
♣..♣♣ ♣♣♣♣♣
♣..♣ ♣♣♣
♣♣♣.♣♣
.....♣♣i@♣♣
.........♣
.....♣.♣♣♣
..(. ♣♣ ♣}


You could see a spriggan rider.

Vanquished Creatures
  Nessos (Lair:5)
  5 hydras
  A catoblepas (Lair:2)
  The ghost of Mulkerokala the Slicer, a novice OpWn of Lugonu (Lair:1)
  A fire crab (Lair:5)
  An unseen horror (D:9)
  Pikel (D:4)
  An orb spider (Lair:3)
  The ghost of Mulkerokala the Carver, a novice OpWn (D:7)
  5 elephants (Lair:5)
  3 black mambas (Lair:5)
  11 spiny frogs
  5 rime drakes
  7 komodo dragons
  A troll (D:8)
  5 polar bears
  A hornet (Lair:6)
  5 hippogriffs
  13 blink frogs
  A dream sheep (Lair:5)
  6 spriggans
  5 wyverns
  A basilisk (Lair:1)
  30 yaks
  Grum (D:8)
  A swamp worm (Lair:3)
  17 water moccasins
  2 hell hounds (D:9)
  8 porcupines
  3 orc warriors (D:9)
  An ice beast (D:8)
  An eye of draining (D:9)
  2 sky beasts (D:9)
  4 boggarts (Lair:6)
  5 ogres
  3 phantoms
  8 centaurs
  15 wolves
  9 crocodiles
  2 big kobolds (D:8)
  13 bullfrogs
  A gnoll sergeant (D:9)
  4 scorpions
  6 killer bees (D:9)
  An electric eel (Lair:5)
  2 howler monkeys
  5 crimson imps
  3 bullfrog skeletons
  4 orc priests
  2 centaur skeletons
  5 hounds
  3 iguanas
  15 orc wizards
  12 worker ants
  4 hell rats (Lair:4)
  7 gnolls
  17 adders
  2 howler monkey skeletons
  A shadow imp (D:7)
  An ooze (D:4)
  An adder zombie (D:9)
  4 worms
  3 dart slugs
  4 leopard geckos
  57 orcs
  7 bats
  9 giant cockroaches
  6 hobgoblins
  13 jackals
  20 kobolds
  5 quokkas
  2 ball pythons
  4 frilled lizards
  A giant cockroach zombie (D:4)
  4 goblins
  A leopard gecko skeleton (D:5)
  A leopard gecko zombie (D:5)
  A quokka skeleton (D:4)
  9 rats
  A plant (Lair:2)
455 creatures vanquished.

Vanquished Creatures (others)
  An adder (D:4)
  A giant cockroach (D:4)
  A quokka (D:4)
  4 fungi
  10 plants
17 creatures vanquished.

Grand Total: 472 creatures vanquished

Notes
Turn   | Place    | Note
-------+----------+-------------------------------------------
     0 | D:1      | Lahna the Ghoul Monk began the quest for the Orb.
     0 | D:1      | Reached XP level 1. HP: 19/19 MP: 0/0
   236 | D:1      | Reached XP level 2. HP: 26/26 MP: 1/1
   861 | D:2      | Reached XP level 3. HP: 22/33 MP: 2/2
   984 | D:2      | Reached skill level 1 in Armour
  1139 | D:2      | Found an ancient bone altar of Kikubaaqudgha.
  1248 | D:2      | Reached XP level 4. HP: 40/40 MP: 3/3
  1253 | D:2      | Found a shimmering altar of Xom.
  1581 | D:2      | Found a basalt altar of Yredelemnul.
  1869 | D:3      | Found a sparkling altar of Nemelex Xobeh.
  1928 | D:3      | Reached XP level 5. HP: 24/47 MP: 4/4
  2366 | D:2      | Reached XP level 6. HP: 27/55 MP: 5/5
  2611 | D:3      | Reached skill level 5 in Unarmed Combat
  2628 | D:3      | Reached skill level 5 in Fighting
  3124 | D:4      | Noticed a phantom
  3171 | D:4      | Killed a phantom
  3528 | D:4      | Found Susaos's Armour Boutique.
  3529 | D:4      | Noticed a slave
  3533 | D:4      | Noticed a slave
  3534 | D:4      | Noticed Pikel
  3541 | D:4      | Found a radiant altar of Vehumet.
  3550 | D:4      | Noticed a slave
  3554 | D:4      | Noticed a slave
  3567 | D:4      | Killed Pikel
  3567 | D:4      | Reached XP level 7. HP: 44/64 MP: 6/6
  3567 | D:4      | Reached XP level 8. HP: 49/71 MP: 7/7
  4115 | D:5      | Entered Level 5 of the Dungeon
  4468 | D:5      | Reached skill level 5 in Armour
  5796 | D:6      | Found a deep blue altar of Sif Muna.
  5842 | D:6      | Reached XP level 9. HP: 77/79 MP: 8/8
  5845 | D:6      | Found a staircase to the Ecumenical Temple.
  5854 | Temple   | Entered the Ecumenical Temple
  5964 | Temple   | Became a worshipper of Cheibriados the Contemplative
  5964 | Temple   | Reached * piety under Cheibriados
  5964 | Temple   | Reached ** piety under Cheibriados
  6100 | D:6      | Found a bloodstained altar of Trog.
  6100 | D:6      | Found an iron altar of Okawaru.
  6140 | D:6      | Found a glowing silver altar of Zin.
  6234 | D:6      | Found a sacrificial altar of Ru.
  6234 | D:6      | Found a hide-covered altar of Uskayaw.
  6234 | D:6      | Found a hazy altar of Hepliaklqana.
  6544 | D:6      | Reached skill level 1 in Invocations
  6952 | D:7      | Reached skill level 1 in Spellcasting
  7062 | D:7      | Found a white marble altar of Elyvilon.
  7258 | D:7      | Noticed Mulkerokala's ghost (novice OpWn)
  7266 | D:7      | Killed Mulkerokala's ghost
  7278 | D:7      | Reached *** piety under Cheibriados
  7452 | D:7      | Found a burning altar of Makhleb.
  7777 | D:8      | Reached XP level 10. HP: 82/89 MP: 11/11
  7819 | D:8      | HP: 3/89 [troll (4)]
  8346 | D:8      | Reached **** piety under Cheibriados
  8564 | D:8      | Noticed Grum
  8717 | D:8      | Killed Grum
  8982 | D:8      | Reached skill level 5 in Dodging
  9059 | D:8      | Reached ***** piety under Cheibriados
  9190 | D:9      | Found a staircase to the Lair.
  9216 | D:9      | Reached skill level 5 in Invocations
 10003 | D:9      | Reached XP level 11. HP: 43/97 MP: 14/14
 10013 | D:9      | Reached skill level 10 in Unarmed Combat
 10328 | D:9      | Found a glowing golden altar of the Shining One.
 11025 | D:9      | Killed an unseen horror
 11107 | Lair:1   | Entered Level 1 of the Lair of Beasts
 11555 | D:9      | Reached skill level 10 in Fighting
 12194 | Lair:1   | Noticed Mulkerokala's ghost (novice OpWn)
 12206 | Lair:1   | Killed Mulkerokala's ghost
 12606 | Lair:1   | HP: 3/98 [spiny frog (15)]
 13206 | Lair:2   | Noticed a five-headed hydra
 13220 | Lair:2   | Killed a five-headed hydra
 13220 | Lair:2   | Reached XP level 12. HP: 17/107 MP: 12/16
 14056 | Lair:2   | Noticed a catoblepas
 14075 | Lair:2   | Killed a catoblepas
 14494 | Lair:2   | Noticed a six-headed hydra
 14501 | Lair:2   | Killed a six-headed hydra
 14909 | D:4      | Bought a +0 shield for 49 gold pieces
 14909 | D:4      | Bought a cursed +0 cloak for 38 gold pieces
 15306 | Lair:3   | Noticed a seven-headed hydra
 15312 | Lair:3   | Killed a seven-headed hydra
 15340 | Lair:3   | Reached skill level 1 in Shields
 15543 | Lair:3   | Found a staircase to the Swamp.
 15997 | Lair:3   | Found a hole to the Spider Nest.
 17326 | Lair:4   | Reached XP level 13. HP: 101/116 MP: 18/18
 18165 | Lair:5   | HP: 1/117 [komodo dragon (13)]
 18450 | Lair:5   | Reached skill level 10 in Armour
 19026 | Lair:5   | Noticed Nessos
 19036 | Lair:5   | Killed Nessos
 19370 | Lair:5   | Got a warped bone ring
 19408 | Lair:5   | Identified the ring of Xom's Generosity {rC+ SInv} (You found it on level 5 of the Lair of Beasts)
 19900 | Lair:6   | Entered Level 6 of the Lair of Beasts
 20297 | Lair:6   | Reached XP level 14. HP: 74/125 MP: 20/20
 20316 | Lair:6   | Slain by a spriggan rider

Vault maps used:
D:1:      dpeg_arrival_refuge
D:2:      xom_teletrap_fun, lemuel_crystal_altar, nicolae_overflow_hidden_temple
D:3:      nemelex_xobeh_ov_fountains_minmay, first_bread,
          hangedman_decor_points, grunt_decor_resistance
D:4:      kennysheep_mini, serial_shops, shop, uniq_pikel
D:6:      grunt_temple_overflow_bloody_war, led_sif_pool, lemuel_round_altar,
          gammafunk_temple_overflow_claw, minmay_temple_entry_glass
D:7:      old_standard_altar, lemuel_round_altar
D:8:      uniq_grum
D:9:      tso_metal_star, minmay_lair_entry_lava, the_bakery
Temple:   corrupted_temple
Lair:2:   minmay_lair_oklob_chamber, grunt_megastairs_2
Lair:3:   minmay_swamp_entry_worms, nicolae_spider_entry_orb_guardian,
          minivault_25
Lair:5:   portal_ice_cave_entry_pillars_2, hangedman_lair_generics_rect,
          serial_bayou_shore_a, lemuel_fruit_fields, uniq_nessos
Lair:6:   minmay_lair_end_enchanted_forest, slime_altar_1, wad_woods_river_02,
          infiniplex_staircase_pool

Skill      XL: |  1  2  3  4  5  6  7  8  9 10 11 12 13 |
---------------+----------------------------------------+-----
Fighting       | 4 6 7 8 9 10 11 12 | 12.2
Armour         | 1 2 4 5 6 7 8 9 10 | 10.4
Unarmed Combat | 4 6 7 8 9 10 11 12 | 12.4
Dodging        | 4 5 6 8 9 |  9.2
Invocations    | 3 5 7 8 9 |  9.8
Spellcasting   | 1 |  1.0
Shields        | 2 4 |  4.6
Stealth        | |  2.1

Action                   |  1- 3 |  4- 6 |  7- 9 | 10-12 | 13-15 || total
-------------------------+-------+-------+-------+-------+-------++-------
Melee: Unarmed           |   112 |   280 |   343 |   657 |   341 ||  1733
       Punch             |     2 |     6 |    14 |    40 |       ||    62
Invok: Bend Time         |       |       |       |     6 |     2 ||     8
       Slouch            |       |       |       |     5 |     6 ||    11
Evoke: Wand              |       |       |     4 |     2 |       ||     6
  Use: Scroll            |       |     6 |    12 |     8 |     5 ||    31
       Potion            |       |     1 |       |     2 |       ||     3
 Stab: Sleeping          |     1 |       |     2 |       |       ||     3
       Petrified         |       |       |       |     1 |       ||     1
  Eat: Chunk             |     1 |    10 |     8 |    26 |     3 ||    48
       Royal jelly       |       |       |     1 |       |       ||     1
Armor: Chain mail        |    54 |   158 |    68 |   274 |     6 ||   560
       Leather armour    |     1 |       |       |       |       ||     1
       Ring mail         |       |       |    68 |    16 |       ||    84
       Plate armour      |       |       |       |       |   166 ||   166
Dodge: Dodged            |    35 |   133 |   200 |   500 |   197 ||  1065
Block: Shield            |       |       |       |   120 |   245 ||   365
